 Dungeon Crawl Stone Soup version 0.16-a0-328-gfd822c7 (webtiles) character file.

405 MRaven the Vexing (level 6, 0/28 HPs)
             Began as a Spriggan Enchanter on Sept 6, 2014.
             Slain by Pikel
             ... wielding a +1 whip of flaming
              (4 damage)
             ... on Level 4 of the Dungeon.
             The game lasted 00:25:36 (4572 turns).

MRaven the Vexing (Spriggan Enchanter)              Turns: 4572, Time: 00:25:37

HP   0/28        AC  4     Str  4      XL: 6   Next: 56%
MP   4/20        EV 20     Int 18      God:
Gold 114         SH  0     Dex 17      Spells:  3 memorised,  6 levels left

rFire  . . .     SeeInvis +     a - +1 dagger
rCold  . . .     Clarity  .     b - +2 robe
rNeg   . . .     rCorr    .     (shield restricted)
rPois  .         rRot     .     (helmet restricted)
rElec  .         Spirit   .     (no cloak)
SustAb .         Warding  .     (gloves unavailable)
rMut   .         Stasis   .     (boots unavailable)
Gourm  .                        (no amulet)
MR     +....                    (no ring)
                                h - ring of flight

@: very quick, somewhat resistant to hostile enchantments, stealthy
A: unfitting armour, see invisible, herbivore 3, speed 3, slow metabolism 2
a: Evoke Flight


You were on level 4 of the Dungeon.
You were full.

You visited 1 branch of the dungeon, and saw 4 of its levels.

You collected 114 gold pieces.

Inventory:

Hand weapons
 a - a +1 dagger (weapon)
Missiles
 e - 12 poisoned needles
Armour
 b - a +2 robe (worn)
Comestibles
 m - a bread ration
Scrolls
 g - 6 scrolls of remove curse
 i - 2 scrolls of identify
Jewellery
 h - a ring of flight (left hand)
Potions
 d - a potion of porridge
 f - a potion of beneficial mutation
 j - a potion of haste {unknown}
 k - 3 potions of brilliance {unknown}
 l - 2 potions of flight {unknown}
 n - a potion of confusion {unknown}
 o - a potion of degeneration {unknown}
 p - a potion of restore abilities {unknown}
Books
 c - a book of Maledictions

   Spells                             Type                      Level
   *Corona                            Hexes                        1
   Sure Blade                         Hexes/Charms                 2
   *Ensorcelled Hibernation           Hexes/Ice                    2
   Confuse                            Hexes                        3
   Dazzling Spray                     Conjuration/Hexes            3
   *Enslavement                       Hexes                        4


   Skills:
 + Level 2.8 Short Blades
 + Level 4.7 Dodging
 + Level 6.2 Stealth
 + Level 4.0 Spellcasting
 * Level 6.3 Hexes


You had 6 spell levels left.
You knew the following spells:

 Your Spells              Type           Power        Failure   Level  Hunger
a - Corona                Hex            ####...      1%          1    None
b - Ensorcelled Hibernat  Hex/Ice        ###...       8%          2    ##.....
c - Enslavement           Hex            ####....     14%         4    ####...


Dungeon Overview and Level Annotations

Branches:
Dungeon (4/15)
 Temple: D:4-7

Altars:
Yredelemnul

Annotations:
D:4 Natasha, Pikel


Innate Abilities, Weirdness & Mutations

You are tiny and cannot use many weapons and most armour.
You have supernaturally acute eyesight.
You are a herbivore.
You cover ground extremely quickly.
You need consume almost no food.


Message History

Aim: Pikel, wielding a runed whip, wearing a robe and carrying a wand of frost {zapped: 1} Pikel resists.
Pikel zaps a wand.
The puff of frost hits you!
Things that are here:
a short sword; a scale mail; the elf corpse of Duvessa
Casting: Ensorcelled Hibernation
Confirm with . or Enter, or press ? or * to list all spells.
Aiming: Ensorcelled Hibernation
Press: ? - help, Shift-Dir - straight line, f/p - Pikel
Aim: Pikel, wielding a runed whip, wearing a robe and carrying a wand of frost {zapped: 2} Pikel looks drowsy...
The helpless Pikel fails to defend himself.
You slice Pikel!!
Pikel is heavily wounded.
You hit Pikel but do no damage.
Pikel is heavily wounded.
Pikel hits you with a runed whip!
* * * LOW HITPOINT WARNING * * *
Pikel burns you.
You die...

#......# ####.....%#####
...............#
###...p.###.#
######.......#.####
#..........#.#...<#
#..........#.######
......######.#############
....### #.#.K@).......#
....###### #.#.#########.#
.........###.#.# #.#
.............#.# #.#
.............#.#########.#
......................##.#
............##.######.##.##
###.........##.# #.......#
............##.# #.#.#####


You could see Pikel.

Vanquished Creatures
  An ogre (D:2)
  Duvessa (D:4)
  Dowan (D:4)
  A hound (D:4)
  Natasha (D:4)
  A worker ant (D:2)
  A gnoll (D:3)
  3 adders
  4 giant mites
  2 worms (D:2)
  An ooze (D:2)
  An orc (D:3)
  2 ball pythons (D:2)
  7 bats
  7 giant cockroaches
  8 hobgoblins
  2 jackals (D:2)
  8 kobolds
  A giant gecko (D:1)
  2 giant newts
  6 goblins
  2 quokkas (D:3)
  13 rats
76 creatures vanquished.

Vanquished Creatures (collateral kills)
  A giant gecko (D:2)
1 creature vanquished.

Grand Total: 77 creatures vanquished

Notes
Turn   | Place    | Note
--------------------------------------------------------------
     0 | D:1      | MRaven, the Spriggan Enchanter, began the quest for the Orb.
     0 | D:1      | Reached XP level 1. HP: 9/9 MP: 4/4
   563 | D:1      | Reached XP level 2. HP: 11/13 MP: 5/7
   616 | D:1      | Learned a level 2 spell: Ensorcelled Hibernation
  1230 | D:1      | Reached XP level 3. HP: 16/16 MP: 1/9
  1709 | D:2      | Reached skill level 5 in Stealth
  2058 | D:2      | Reached XP level 4. HP: 15/21 MP: 7/13
  2220 | D:2      | Learned a level 4 spell: Enslavement
  2252 | D:2      | Found a basalt altar of Yredelemnul.
  2321 | D:2      | Noticed an ogre
  2327 | D:2      | Reached skill level 5 in Hexes
  2401 | D:2      | Killed an ogre
  2401 | D:2      | Reached XP level 5. HP: 24/24 MP: 1/16
  3842 | D:4      | Noticed a slave
  3844 | D:4      | Noticed Pikel
  3844 | D:4      | Noticed a slave
  3844 | D:4      | Noticed a slave
  3844 | D:4      | Noticed an ogre
  3846 | D:4      | Noticed a slave
  3899 | D:4      | Noticed Natasha
  3905 | D:4      | Killed Natasha
  3944 | D:3      | Reached skill level 6 in Hexes
  3944 | D:3      | Reached XP level 6. HP: 7/28 MP: 0/18
  4208 | D:4      | Noticed Natasha
  4435 | D:4      | Noticed Duvessa
  4436 | D:4      | Noticed Dowan
  4445 | D:4      | Killed Dowan
  4520 | D:4      | Killed Duvessa
  4572 | D:4      | Slain by Pikel

Action                   |  1- 3 |  4- 6 || total
-------------------------+-------+-------++-------
Melee: Dagger            |    79 |   144 ||   223
 Cast: Corona            |     5 |       ||     5
       Ensorcelled Hiber |    18 |    48 ||    66
       Enslavement       |       |     3 ||     3
  Use: Scroll            |     4 |     4 ||     8
 Stab: Sleeping          |    23 |    22 ||    45
  Eat: Pizza             |       |     2 ||     2
       Bread ration      |       |     1 ||     1
